 Dungeon Crawl Stone Soup version 0.21.0-3-g78d12a8 (webtiles) character file.

4674 Monsterracer the Transmogrifier (level 10, -5/84 HPs)
             Began as a Naga Transmuter on Jan 13, 2018.
             Was a Priest of Cheibriados.
             Slain by a large abomination (31 damage)
             ... on level 9 of the Dungeon.
             The game lasted 00:19:47 (10030 turns).

Monsterracer the Transmogrifier (Naga Transmuter)  Turns: 10030, Time: 00:19:48

Health: -5/84      AC: 11    Str: 20    XL:     10   Next: 44%
Magic:  17/22      EV:  9    Int: 23    God:    Cheibriados [***...]
Gold:   150        SH:  0    Dex: 19    Spells: 3/13 levels left

rFire    + . .     SeeInvis +     - Unarmed
rCold    . . .     Gourm    .   (no shield)
rNeg     . . .     Faith    +   y - +1 ring mail of the Mind {+Inv rF+ MR+}
rPois    +         Spirit   .   v - +1 helmet
rElec    .         Reflect  .   h - +0 cloak
rCorr    .         Harm     .   (no gloves)
MR       ++...                  (no barding)
Stlth    +++.......             s - amulet of faith
HPRegen  0.24/turn              l - +2 ring of protection
MPRegen  0.18/turn              H - ring of magical power

@: very slow
A: large, see invisible, deformed body, poison resistance, slowness 2, slow
metabolism 1, spit poison 1, AC +3
a: Spit Poison, Bend Time, Temporal Distortion, Renounce Religion, Evoke
Invisibility


You were on level 9 of the Dungeon.
You worshipped Cheibriados.
Cheibriados was most pleased with you.
You were not hungry.

You visited 2 branches of the dungeon, and saw 10 of its levels.

You collected 384 gold pieces.
You spent 234 gold pieces at shops.

Inventory:

Hand Weapons
 b - the +1 spear "Nileocza" {freeze, rPois rC- Int+6 Stlth-, !a}
   (You found it on level 4 of the Dungeon)

   It has been specially enchanted to freeze those struck by it, causing extra
   injury to most foes and up to half again as much damage against particularly
   susceptible opponents.
   It can also slow down cold-blooded creatures.
   It affects your intelligence (+6).
   It makes you vulnerable to cold.
   It protects you from poison.
   It makes you less stealthy.
 w - the +1 mace of the Battered Deaths {flame, rPois MR++ Int+4 Stlth-, !a}
   (You found it on level 7 of the Dungeon)

   It has been specially enchanted to burn those struck by it, causing extra
   injury to most foes and up to half again as much damage against particularly
   susceptible opponents.
   It affects your intelligence (+4).
   It protects you from poison.
   It affects your resistance to hostile enchantments.
   It makes you less stealthy.
Missiles
 a - 192 arrows
Armour
 h - a +0 cloak (worn)
 r - a +0 large shield
 v - a +1 helmet (worn)
 y - the +1 ring mail of the Mind (worn) {+Inv rF+ MR+}
   (You found it on level 4 of the Dungeon)

   It protects you from fire.
   It affects your resistance to hostile enchantments.
   It lets you turn invisible.
 D - a +0 buckler
Jewellery
 l - a +2 ring of protection (left hand)
 p - an uncursed amulet of regeneration
 s - an amulet of faith (around neck)
 H - a ring of magical power (right hand)
Wands
 e - a wand of paralysis (5)
 n - a wand of polymorph (12)
 u - a wand of flame (25)
Scrolls
 j - 8 scrolls of remove curse
 m - 4 scrolls of amnesia
 B - a scroll of teleportation
 C - a scroll of magic mapping {!r}
 I - a scroll of identify
Potions
 f - a potion of curing
 g - 5 potions of heal wounds
 i - a potion of magic
 k - a potion of lignification
 o - 2 potions of brilliance
 q - a potion of flight
 t - a potion of berserk rage {!q}
 x - 3 potions of might
 z - a potion of cancellation
 E - a potion of agility
 F - a potion of ambrosia {!q}
 G - a potion of mutation {!q}
Books
 d - a book of Changes

   Spells                             Type                      Level
   a - Beastly Appendage              Transmutation                1
   b - Sticks to Snakes               Transmutation                2
   c - Spider Form                    Transmutation/Poison         3
   d - Ice Form                       Ice/Transmutation            4
   e - Blade Hands                    Transmutation                5
 A - a book of Cantrips

   Spells                             Type                      Level
   a - Confusing Touch                Hexes                        1
   b - Animate Skeleton               Necromancy                   1
   c - Summon Small Mammal            Summoning                    1
   d - Apportation                    Translocation                1
Comestibles
 c - 11 rations


   Skills:
 + Level 3.1 Fighting
 - Level 1.5 Dodging
 + Level 6.2 Stealth
 * Level 9.2 Unarmed Combat
 + Level 2.1 Spellcasting
 + Level 10.5 Transmutations
 - Level 2.8 Poison Magic
 + Level 3.1 Invocations


You had 3 spell levels left.
You knew the following spells:

 Your Spells              Type           Power        Failure   Level  Hunger
b - Sticks to Snakes      Tmut           ######..     1%          2    ##.....
c - Spider Form           Tmut/Pois      ####......   4%          3    ###....
d - Blade Hands           Tmut           ######....   8%          5    ######.


Dungeon Overview and Level Annotations

Branches:
Dungeon (9/15)             Temple (1/1) D:5
   Lair: D:8-11         Orc: D:9-12

Altars:
Ashenzari
Cheibriados
Dithmenos
Elyvilon
Fedhas
Gozag
Hepliaklqana
Kikubaaqudgha
Makhleb
Nemelex Xobeh
Okawaru
Qazlal
Ru
Sif Muna
Trog
Uskayaw
Vehumet
Wu Jian
Xom
Yredelemnul
Zin
The Shining One

Shops:
D:4 :   D:5 *   D:8 [


Innate Abilities, Weirdness & Mutations

You cannot wear boots.
Your serpentine skin is tough. (AC +3)
You have supernaturally acute eyesight. (SInv)
Armour fits poorly on your strangely shaped body.
Your system is resistant to poisons. (rPois)
You cover ground very slowly.
You have a slow metabolism.
You can spit poison.


Message History

You closely miss the small abomination.
You hit the small abomination but do no damage.
Your punch misses the small abomination.
The small abomination hits you but does no damage.
You barely miss the small abomination. You punch the small abomination.
The small abomination is lightly damaged.
The small abomination closely misses you.
You hit the small abomination.
You punch the small abomination, but do no damage.
The small abomination is moderately damaged.
The small abomination hits you.
You take 5 damage, and have 79/84 hp.
You punch the small abomination!
The small abomination is almost destroyed.
You hit the small abomination.
You destroy the small abomination!
Cheibriados appreciates the change of pace.
No target in view!
No target in view!
There is an open door, spattered with blood here.
Things that are here:
a robe; a dagger What are your orders? t - Shout!
Orders for allies: a - Attack new target. r - Retreat! s - Stop attacking. g - Guard the area. f - Follow me.
Anything else - Cancel.
You shout for attention!
A large abomination comes into view.
The small abomination closely misses you.
The small abomination hits you!
The small abomination barely misses you.
The small abomination hits you. The small abomination hits you!
The small abomination barely misses you.
The small abomination hits you but does no damage.
The small abomination hits you!
There is an open door, spattered with blood here.
You take 39 damage, and have 44/84 hp.
MASSIVE DAMAGE!!
Okay, then.
Okay, then.
The small abomination hits you!
* * * LOW HITPOINT WARNING * * *
The small abomination hits you.
* * * LOW HITPOINT WARNING * * *
You take 13 damage, and have 31/84 hp.
As you read the scroll of teleportation, it crumbles to dust.
You feel strangely unstable. The small abomination hits you.
* * * LOW HITPOINT WARNING * * *
You take 3 damage, and have 28/84 hp.
Unknown command.
Your surroundings suddenly seem different.
Okay, then.
Casting: Spider Form
Confirm with . or Enter, or press ? or * to list all spells.
You create 2 snakes!
You now have 196 arrows.
You now have 20/22 mp.
Casting: Sticks to Snakes
Confirm with . or Enter, or press ? or * to list all spells.
You create 3 snakes!
You now have 193 arrows.
Your adder bites the large abomination but does no damage.
You now have 18/22 mp.
Casting: Sticks to Snakes
Confirm with . or Enter, or press ? or * to list all spells.
You create a snake!
You now have 192 arrows.
Your adder bites the large abomination but does no damage. x2
You now have 16/22 mp.
You punch the large abomination!
The large abomination is lightly damaged.
Your adder bites the large abomination but does no damage.
The large abomination hits you.
* * * LOW HITPOINT WARNING * * *
Your adder bites the large abomination but does no damage. x2
Your adder bites the large abomination.
Your adder bites the large abomination but does no damage. x2
You take 6 damage, and have 25/84 hp.
You hit the large abomination but do no damage.
The large abomination is moderately damaged.
Your adder bites the large abomination.
Your adder barely misses the large abomination.
The large abomination closely misses you.
Your adder bites the large abomination.
Your adder bites the large abomination but does no damage.
Your adder barely misses the large abomination.
Your adder bites the large abomination but does no damage. x2
You completely miss the large abomination.
The large abomination is moderately damaged.
Your adder bites the large abomination.
The large abomination barely misses you.
Your adder bites the large abomination but does no damage. x2
Your adder closely misses the large abomination.
Your adder barely misses the large abomination.
Your adder bites the large abomination but does no damage.
You hit the large abomination but do no damage.
The large abomination is heavily damaged.
Your adder barely misses the large abomination. x2
Your adder bites the large abomination.
Your adder barely misses the large abomination.
The large abomination hits you!!
You die...

# #.#.#(#
#.##...........≈≈... #.# #.#
#.##.....#.....≈.... #.# #.#
#.###....#..##......
#.#.###.###.......###.....
#.#.................###.....
..........................§.
.......÷.........##.##)#..≈§
#####......SSS...#..##.#...≈
#......@XS.........#....
#.......SS...#.#####
#.#.###.............
#.#.#...............
#.#.#.#...#.<#.#####
#............#.#
..............
####.....####.## #.#.#.# .#


You could see a large abomination and 6 friendly adders.

Vanquished Creatures
  A wizard (D:9)
  Joseph (D:8)
  The ghost of Tovarisch the Firebug, a novice DrFE (D:4)
  A hornet (D:8)
  A wyvern (D:9)
  A water moccasin (D:9)
  4 slaves (D:8)
  3 eyes of draining (D:3)
  An orc warrior (D:8)
  2 phantoms
  2 ogres
  6 centaurs
  A crocodile (D:9)
  3 small abominations (D:9)
  2 big kobolds
  5 bullfrogs
  A water moccasin zombie (D:8)
  2 scorpions
  3 killer bees (D:8)
  4 howler monkeys
  2 bullfrog zombies
  5 crimson imps
  A bullfrog skeleton (D:9)
  2 hounds
  An orc priest (D:5)
  A jelly (D:9)
  3 centaur skeletons
  3 orc wizards
  4 worker ants
  An iguana (D:4)
  A hound zombie (D:5)
  A worker ant zombie (D:9)
  6 adders
  A gnoll (D:3)
  A howler monkey skeleton (D:7)
  3 shadow imps
  An ooze (D:2)
  An adder skeleton (D:7)
  2 dart slugs
  13 orcs
  3 ball pythons
  A giant cockroach (D:4)
  7 goblins
  10 hobgoblins
  6 jackals
  8 kobolds
  2 quokkas
  7 bats
  4 frilled lizards
  A leopard gecko skeleton (D:5)
  6 rats
153 creatures vanquished.

Vanquished Creatures (collateral kills)
  Menkaure (D:6)
  An orc warrior (D:6)
  2 orcs
4 creatures vanquished.

Grand Total: 157 creatures vanquished

Notes
Turn   | Place    | Note
-------+----------+-------------------------------------------
     0 | D:1      | Monsterracer the Naga Transmuter began the quest for the Orb.
     0 | D:1      | Reached XP level 1. HP: 18/18 MP: 3/3
    18 | D:1      | HP: 9/18 [goblin/dagger (2)]
   170 | D:1      | HP: 9/18 [hobgoblin/club (5)]
   548 | D:1      | Reached XP level 2. HP: 25/25 MP: 5/5
   552 | D:1      | Learned a level 2 spell: Sticks to Snakes
  1094 | D:2      | Reached XP level 3. HP: 28/31 MP: 6/6
  1099 | D:2      | Learned a level 3 spell: Spider Form
  1468 | D:2      | Reached skill level 1 in Poison Magic
  1582 | D:3      | Reached skill level 3 in Transmutations
  1598 | D:3      | Found a hazy altar of Hepliaklqana.
  1661 | D:3      | Found a blossoming altar of Fedhas.
  1661 | D:3      | Found a shadowy altar of Dithmenos.
  1841 | D:3      | Found a shimmering altar of Xom.
  2001 | D:3      | Reached XP level 4. HP: 29/38 MP: 7/7
  2079 | D:3      | Found a bloodstained altar of Trog.
  2079 | D:3      | Noticed an eye of draining
  2079 | D:3      | Noticed an eye of draining
  2080 | D:3      | Noticed an eye of draining
  2086 | D:3      | HP: 14/38 [gnoll/antimagic trident (11)]
  2095 | D:3      | Killed an eye of draining
  2095 | D:3      | Reached XP level 5. HP: 29/44 MP: 0/8
  2100 | D:3      | HP: 32/66 [gnoll/antimagic trident (1)]
  2101 | D:3      | Killed an eye of draining
  2101 | D:3      | Reached skill level 4 in Transmutations
  2101 | D:3      | Reached XP level 6. HP: 37/51 MP: 1/9
  2106 | D:3      | HP: 35/76 [gnoll/antimagic trident (2)]
  2107 | D:3      | Killed an eye of draining
  2112 | D:3      | HP: 37/76 [gnoll/antimagic trident (2)]
  2118 | D:3      | HP: 31/76 [gnoll/antimagic trident (3)]
  2274 | D:4      | Noticed Tovarisch's ghost (novice DrFE)
  2362 | D:4      | Reached skill level 5 in Unarmed Combat
  2424 | D:4      | Got an ivory spear
  2451 | D:4      | Identified the +1 spear "Nileocza" {freeze, rPois rC- Int+6 Stlth-} (You found it on level 4 of the Dungeon)
  2723 | D:4      | Reached XP level 7. HP: 57/57 MP: 6/10
  2733 | D:4      | Learned a level 5 spell: Blade Hands
  2765 | D:4      | Found Cyhonijec's Book Shoppe.
  3116 | D:5      | Entered Level 5 of the Dungeon
  3164 | D:5      | Reached skill level 5 in Transmutations
  3488 | D:5      | Found a staircase to the Ecumenical Temple.
  3511 | D:5      | You fall through a shaft for 3 floors!
  3519 | D:8      | HP: 27/57 [orc warrior/halberd (26)]
  3521 | D:8      | HP: 10/57 [orc warrior/halberd (18)]
  3610 | D:7      | Reached skill level 6 in Transmutations
  3746 | Temple   | Entered the Ecumenical Temple
  3919 | Temple   | Became a worshipper of Cheibriados the Contemplative
  3978 | D:6      | Reached XP level 8. HP: 37/64 MP: 8/11
  4485 | D:6      | Noticed Menkaure
  4494 | D:6      | Killed Menkaure
  4494 | D:6      | Reached skill level 7 in Transmutations
  4667 | D:6      | HP: 32/64 [orc/falchion (7)]
  4898 | D:6      | Reached * piety under Cheibriados
  5574 | D:4      | Killed Tovarisch's ghost
  5574 | D:4      | Reached skill level 8 in Transmutations
  5665 | D:4      | Got a spiked ring mail
  5676 | D:4      | Identified the cursed +1 ring mail of the Mind {+Inv rF+ MR+} (You found it on level 4 of the Dungeon)
  6064 | D:5      | Found Wuhuimp's General Store.
  6071 | D:5      | Bought 2 potions of heal wounds for 130 gold pieces
  6071 | D:5      | Bought 2 potions of might for 104 gold pieces
  6329 | D:7      | Reached XP level 9. HP: 70/70 MP: 12/12
  6481 | D:7      | Got a brightly glowing mace
  6703 | D:7      | Reached skill level 9 in Transmutations
  7061 | D:8      | HP: 35/70 [orc warrior/halberd (17)]
  7475 | D:8      | Reached ** piety under Cheibriados
  7582 | D:8      | Reached skill level 5 in Stealth
  7674 | D:8      | Found an ancient bone altar of Kikubaaqudgha.
  7684 | D:8      | Found Epsaunefi's Antique Armour Shoppe.
  7709 | D:8      | Noticed a hornet
  7712 | D:8      | Killed a hornet
  7833 | D:8      | Noticed Joseph
  7842 | D:8      | Killed Joseph
  7842 | D:8      | Reached skill level 10 in Transmutations
  7842 | D:8      | Reached skill level 1 in Invocations
  8001 | D:8      | Reached XP level 10. HP: 80/80 MP: 9/13
  8409 | D:8      | Identified the cursed +1 mace of the Battered Deaths {flame, rPois MR++ Int+4 Stlth-} (You found it on level 7 of the Dungeon)
  8725 | D:9      | Reached *** piety under Cheibriados
  9043 | D:9      | Noticed a wizard
  9050 | D:9      | HP: 28/81 [wizard/crystal spear (52)]
  9051 | D:9      | Killed a wizard
  9283 | D:9      | Noticed a large abomination
  9283 | D:9      | Noticed a large abomination
  9287 | D:9      | HP: 39/84 [large abomination (19)]
  9292 | D:9      | HP: 12/84 [small abomination (17)]
 10018 | D:9      | HP: 37/84 [small abomination (7)]
 10027 | D:9      | HP: 25/84 [large abomination (6)]
 10030 | D:9      | Slain by a large abomination

Skill      XL: |  1  2  3  4  5  6  7  8  9 10 |
---------------+-------------------------------+-----
Poison Magic   | 1 2 |  2.8
Transmutations | 3 4 6 8 10 | 10.5
Unarmed Combat | 4 5 6 7 8 9 |  9.2
Stealth        | 2 3 5 6 |  6.2
Fighting       | 2 3 |  3.1
Invocations    | 1 3 |  3.1
Dodging        | |  1.5
Spellcasting   | |  2.1

Action                   |  1- 3 |  4- 6 |  7- 9 | 10-12 || total
-------------------------+-------+-------+-------+-------++-------
Melee: Unarmed           |   177 |    39 |   398 |   107 ||   721
       Punch             |     1 |     1 |    14 |     6 ||    22
 Cast: Spider Form       |       |     3 |     8 |     5 ||    16
       Sticks to Snakes  |       |       |     8 |     5 ||    13
       Blade Hands       |       |       |     7 |     1 ||     8
 Abil: Spit Poison       |     7 |     6 |    19 |     3 ||    35
  Use: Potion            |       |     2 |       |       ||     2
       Scroll            |       |    11 |     2 |     7 ||    20
 Stab: Sleeping          |     2 |       |     1 |     2 ||     5
       Distracted        |       |       |     2 |       ||     2
  Eat: Chunk             |     3 |     2 |    12 |     3 ||    20
       Ration            |       |       |     2 |     1 ||     3
Armor: Robe              |    77 |     7 |    38 |       ||   122
       Skin              |       |    21 |     2 |     8 ||    31
       Ring mail         |       |       |   123 |    34 ||   157
Dodge: Dodged            |   105 |    25 |   233 |   102 ||   465

Vault maps used:
D:1:      mrwooster_arrival_statue_3
D:2:      amethyst_killhole
D:3:      nicolae_overflow_crystal_walls, gammafunk_temple_overflow_elements,
          lemuel_coloured_pillars_altar, trog_eyes_of_draining
D:4:      serial_shops, nicolae_shop_temple_entry_statues_fountains
D:5:      minmay_temple_entry_overgrown, first_ration, serial_shops, shop
D:6:      st_stairs_11, uniq_menkaure
D:8:      kiku_gazebo_pond_becter, serial_shops, nicolae_shop_crystal,
          uniq_joseph, uniq_pikel
D:9:      kennysheep_decorative_pillar, laboratory
Temple:   eino_temple_scatter_basement
